 Dungeon Crawl Stone Soup version 0.17-a0-1842-gacc33f2 (webtiles) character file.

436 DizzySkin the Cudgeler (level 6, 0/47 HPs)
             Began as a Demonspawn Fighter on Sept 18, 2015.
             Slain by an ogre
             ... wielding a +0 giant club
              (10 damage)
             ... on level 5 of the Dungeon.
             The game lasted 00:10:19 (3294 turns).

DizzySkin the Cudgeler (Demonspawn Fighter)         Turns: 3294, Time: 00:10:19

Health: 0/47       AC: 11    Str: 17    XL:     6   Next: 68%
Magic:  6/6        EV:  7    Int:  9    God:
Gold:   137        SH:  8    Dex: 13    Spells: 0 memorised, 5 levels left

rFire  . . .     SeeInvis .     a - +0 flail
rCold  . . .     Clarity  .     b - +0 scale mail
rNeg   . . .     SustAt   .     c - +0 shield
rPois  .         Gourm    .     f - +0 helmet (curse)
rElec  .         Spirit   .     (no cloak)
rCorr  .         Warding  .     (no gloves)
rMut   .         Stasis   .     (no boots)
MR     +....                    (no amulet)
Stlth  +.........               (no ring)
                                o - ring of protection from magic

@: very slightly contaminated, somewhat resistant to hostile enchantments, very
unstealthy
A: claws 1, rough black scales 1, nightstalker 1, powered by pain 1
a: no special abilities


You were on level 5 of the Dungeon.
You were not hungry.

You visited 1 branch of the dungeon, and saw 5 of its levels.

You collected 137 gold pieces.

Inventory:

Hand weapons
 a - a +0 flail (weapon)
 m - a +0 hand axe of chopping
 u - a +0 shortbow
Missiles
 v - 20 arrows
Armour
 b - a +0 scale mail (worn)
 c - a +0 shield (worn)
 f - a cursed +0 helmet (worn)
 p - a +2 robe of magic resistance
Rods
 s - a +0 lightning rod (14/14)
   (You found it on level 4 of the Dungeon)
Jewellery
 o - a ring of protection from magic (left claw)
Scrolls
 d - a scroll of magic mapping {unknown}
 h - 2 scrolls of remove curse {unknown}
 i - 2 scrolls of recharging {unknown}
 j - 2 scrolls of identify {unknown}
 k - 2 scrolls of teleportation {unknown}
 l - 3 scrolls of fog {unknown}
 r - a scroll of amnesia {unknown}
 t - a scroll of fear {unknown}
Potions
 n - a potion of cure mutation
Comestibles
 e - 3 bread rations
 g - a royal jelly
 x - a beef jerky
 z - 5 chunks of flesh
 A - 4 fruits


   Skills:
 - Level 3.0 Fighting
 + Level 6.4 Maces & Flails
 - Level 2.6 Armour
 - Level 1.0 Dodging
 - Level 2.6 Shields


You had 5 spell levels left.
You didn't know any spells.

Dungeon Overview and Level Annotations

Branches:
Dungeon (5/15)
 Temple: D:4-7

Altars:
Elyvilon
Gozag
Qazlal
The Shining One

Shops:
D:3 *


Innate Abilities, Weirdness & Mutations

You have sharp fingernails.
You are partially covered in rough black scales (AC +4, Dex -1).
You are slightly more attuned to the shadows.
You sometimes gain a little power by taking damage.


Message History

You catch the helpless orc priest completely off-guard!
You hit the orc priest.
The orc priest is heavily wounded.
The orc priest hits you with a club.
* * * LOW HITPOINT WARNING * * *
You catch the helpless orc priest completely off-guard!
You sock the orc priest!
You kill the orc priest!
Things that are here:
a short sword; an embroidered robe; an orc corpse
p - an embroidered robe
Things that are here:
a hand axe; a leather armour; an orc corpse You flicker for a moment.
There is a stone staircase leading down here.
You flicker back into view.
You climb downwards.
There is a stone staircase leading up here.
You closely miss the ogre. The ogre hits you with a giant club!
You die...

#..#
+####..#
.......#
.......#
.......#
.......+
#O@#
#+##


You could see an ogre.

Vanquished Creatures
  A centaur (D:3)
  4 orc priests
  A hound (D:3)
  An orc wizard (D:3)
  Terence (D:3)
  4 gnolls
  4 adders
  2 worms
  2 giant geckos
  9 orcs
  4 giant cockroaches
  7 goblins
  8 hobgoblins
  6 jackals
  2 ball pythons
  2 bats
  4 giant newts
  7 kobolds
  2 quokkas (D:2)
  6 rats
77 creatures vanquished.

Notes
Turn   | Place    | Note
--------------------------------------------------------------
     0 | D:1      | DizzySkin the Demonspawn Fighter began the quest for the Orb.
     0 | D:1      | Reached XP level 1. HP: 18/18 MP: 1/1
   129 | D:1      | Gained mutation: You are partially covered in rough black scales (AC +4, Dex -1). [demonic ancestry]
   129 | D:1      | Reached XP level 2. HP: 22/24 MP: 2/2
   545 | D:1      | Gained mutation: You sometimes gain a little power by taking damage. [demonic ancestry]
   545 | D:1      | Reached XP level 3. HP: 29/29 MP: 3/3
   725 | D:2      | Found a stormy altar of Qazlal.
  1058 | D:2      | Found a white marble altar of Elyvilon.
  1256 | D:2      | Reached skill level 1 in Dodging
  1397 | D:2      | Found a glowing golden altar of the Shining One.
  1653 | D:3      | Gained mutation: You are slightly more attuned to the shadows. [demonic ancestry]
  1653 | D:3      | Reached XP level 4. HP: 18/35 MP: 4/4
  1657 | D:3      | Reached skill level 4 in Maces & Flails
  2018 | D:3      | Gained mutation: You have sharp fingernails. [demonic ancestry]
  2018 | D:3      | Reached XP level 5. HP: 24/41 MP: 5/5
  2338 | D:3      | Noticed Terence
  2354 | D:3      | Killed Terence
  2354 | D:3      | Reached skill level 5 in Maces & Flails
  2507 | D:3      | Found Gozag's Platinum Reserve.
  2550 | D:3      | Found an opulent altar of Gozag.
  2735 | D:3      | Noticed a centaur
  2750 | D:3      | Killed a centaur
  2750 | D:3      | Reached skill level 6 in Maces & Flails
  2750 | D:3      | Reached XP level 6. HP: 24/47 MP: 6/6
  3293 | D:5      | Entered Level 5 of the Dungeon
  3294 | D:5      | Slain by an ogre

Vault maps used:
D:1:      dpeg_arrival_round_b, kennysheep_pointless_box,
          minmay_misc_feat_alley, minmay_surrounded
D:2:      elyvilon_altar_1, lemuel_crystal_altar,
          nicolae_overflow_hidden_temple, first_bread, serial_co_window_serial,
          co_window_corner_a, co_window_corner_a, co_window_paths_b,
          co_window_of_opportunity_a, co_window_corner_a, co_window_paths_b,
          co_window_of_opportunity_b, co_window_broadway_b,
          co_window_unsneaky_path_d
D:3:      nicolae_gozag_zags_fifth_avenue, uniq_terence
D:4:      uniq_grinder, uniq_duvessa, uniq_menkaure

Action                   |  1- 3 |  4- 6 || total
-------------------------+-------+-------++-------
Melee: Flail             |   158 |   149 ||   307
  Use: Potion            |     2 |     7 ||     9
 Stab: Invisible         |       |     6 ||     6
  Eat: Chunk             |     1 |     4 ||     5
       Pizza             |     1 |       ||     1
       Bread ration      |       |     1 ||     1
